 Dungeon Crawl Stone Soup version 0.27.0-1-g7a089689b8 (webtiles) character file.

Game seed: 11620868205288742017

2 SnakkuSnakku7 the Sneak (level 1, 0/11 HPs)
             Began as a Gargoyle Enchanter on Aug 15, 2021.
             Slain by a hobgoblin (3 damage)
             ... on level 1 of the Dungeon.
             The game lasted 00:00:15 (152 turns).

SnakkuSnakku7 the Sneak (Gargoyle Enchanter)         Turns: 152, Time: 00:00:15

Health: 0/11       AC:  9    Str: 11    XL:     1   Next: 30%
Magic:  3/3        EV:  8    Int: 15    God:
Gold:   0          SH:  0    Dex: 10    Spells: 3/4 levels left

rFire    . . .     SeeInvis .   a - +1 dagger
rCold    . . .     Faith    .   (no shield)
rNeg     + . .     Spirit   .   d - +0 scale mail
rPois    ∞         Reflect  .   (no helmet)
rElec    +         Harm     .   e - +0 cloak
rCorr    .         Rampage  .   (no gloves)
Will     .....                  (no boots)
Stlth    +.........             (no amulet)
HPRegen  0.03/turn              (no ring)
MPRegen  0.08/turn              (no ring)

@: no status effects
A: sickness immunity, AC +2, negative energy resistance 1, electricity
resistance, torment resistance 1, petrification resistance
a: no special abilities


You were on level 1 of the Dungeon.
You visited 1 branch of the dungeon, and saw 1 of its levels.

Inventory:

Hand Weapons
 a - a +1 dagger (weapon)
Armour
 b - a +0 robe
 d - a +0 scale mail (worn)
 e - a +0 cloak (worn)
Scrolls
 c - a scroll of identify {unknown}


   Skills:
 + Level 0.7 Fighting
 - Level 0.8 Short Blades
 - Level 1.5 Dodging
 - Level 3.2 Stealth
 - Level 2.0 Spellcasting
 - Level 2.6 Hexes


You had 3 spell levels left.
You knew the following spells:

 Your Spells              Type           Power      Damage    Failure   Level
a - Corona                Hex            10%        N/A       43%         1

Your spell library contained the following spells:

 Spells                   Type           Power      Damage    Failure   Level
 Ensorcelled Hibernation  Hex/Ice        10%        N/A       77%         2
 Confusing Touch          Hex            9%         N/A       80%         3
 Tukima's Dance           Hex            9%         N/A       80%         3
 Dazzling Flash           Conj/Hex       10%        N/A       94%         3


Dungeon Overview and Level Annotations

Branches:
Dungeon (1/15)

Altars:


Innate Abilities, Weirdness & Mutations

You are immune to sickness and miasma.
Your stone body is resilient. (AC +2)
You are immune to poison.
You resist negative energy. (rN+)
You are resistant to electric shocks. (rElec)
You are resistant to unholy torment.
You are immune to petrification.


Message History

There is an open door here.
A dart slug comes into view.
A dart slug is nearby!
A dart slug is nearby!
A hobgoblin comes into view.
The hobgoblin shouts!
The dart slug launches a dart at you.
The slug dart hits you but does no damage.
You hit the dart slug.
The dart slug is heavily wounded.
You hit the dart slug.
The dart slug is heavily wounded.
A kobold comes into view. It is wielding a +0 dagger.
The dart slug barely misses you.
The kobold shouts!
You hit the dart slug.
The dart slug is severely wounded.
The dart slug barely misses you.
The hobgoblin hits you but does no damage.
You hit the dart slug but do no damage.
The dart slug is severely wounded.
The hobgoblin hits you but does no damage.
Your scale mail prevents you from hitting the dart slug.
The dart slug is severely wounded.
The dart slug bites you.
You hit the dart slug.
The dart slug is almost dead.
The hobgoblin barely misses you.
The dart slug bites you but does no damage.
The hobgoblin hits you.
The hobgoblin hits you but does no damage.
You hit the hobgoblin.
The hobgoblin is heavily wounded.
The hobgoblin hits you.
* * * LOW HITPOINT WARNING * * *
The kobold hits you but does no damage.
You hit the hobgoblin.
The hobgoblin is severely wounded.
The hobgoblin hits you.
You die...

#......# ♣♣####..##.
#......# .#♣.#..'.....
#.$....# .#♣.#<.'.....
#......#...#♣.#..'.....
#......#...#♣♣####..##.
#..$.......#### #..##.
#....w##...... #.....
#....Kg.....# #.....
#....#@#...##.# #+####
#....#.#......#.# ♣
#.........#####.#
#########.##....#
#.#....# +# #.#....#
..# ##'#....##.#
#..........#
#........#######


You could see a dart slug, a hobgoblin and a kobold.

Vanquished Creatures
  A giant cockroach (D:1)
  A rat (D:1)
2 creatures vanquished.

Notes
Turn   | Place    | Note
-------+----------+-------------------------------------------
     0 | D:1      | SnakkuSnakku7 the Gargoyle Enchanter began the quest for
                  | the Orb.
     0 | D:1      | Reached XP level 1. HP: 10/10 MP: 3/3
   152 | D:1      | Slain by a hobgoblin

Illustrated notes

Levels and vault maps discovered:
D:1:      beargit_arrival_diablo_church, layout_basic,
          hellmonk_ecumenical_altar_blasted, chequers_serial_rivers_micro_c,
          st_stairs_2

Action                   || total
-------------------------++-------
Melee: Dagger            ||    12
 Stab: Sleeping          ||     1
Armor: Scale mail        ||     8
Dodge: Dodged            ||     3
